 Dungeon Crawl Stone Soup version 0.29.0-4-gdea44cf6ec (webtiles) character file.

Game seed: 15594426692869872943

492 qw the Chopper (level 7, 0/42 HPs)
             Began as a Tengu Warper on Aug 28, 2022.
             Was an Initiate of Okawaru.
             Constricted to death by Blork the orc (2 damage)
             ... on level 4 of the Dungeon.
             The game lasted 00:00:18 (3554 turns).

qw the Chopper (Tengu Warper)                       Turns: 3554, Time: 00:00:19

Health: 0/42       AC:  9    Str: 13    XL:     7   Next: 14%
Magic:  11/11      EV:  4    Int: 14    God:    Okawaru [......]
Gold:   134        SH:  0    Dex: 13    Spells: 10/10 levels left

rFire   . . .      SeeInvis .   Y - +0 war axe
rCold   . . .      Faith    .   (no shield)
rNeg    . . .      Spirit   .   c - +0 chain mail
rPois   .          Reflect  .   (helmet restricted)
rElec   .          Harm     .   (no cloak)
rCorr   .          Rampage  .   (no gloves)
Will    .....                   (boots unavailable)
Stlth   ..........              (no amulet)
HPRegen 0.14/turn               (no ring)
MPRegen 0.12/turn               (no ring)

@: about to teleport, grasped by roots, flying quickly and evasively,
constricted, quick
A: beak, talons 3, nimble flight, shaggy fur 1, subdued magic 1
a: Renounce Religion


You were on level 4 of the Dungeon.
You worshipped Okawaru.
Okawaru was noncommittal.
You visited 2 branches of the dungeon, and saw 5 of its levels.

You collected 134 gold pieces.


Innate Abilities, Weirdness & Mutations

You have a beak for a mouth.
You have claws for feet.
Your magical nature lets you fly swiftly and evasively.
You are covered in fur. (AC +1)
Your spells are a little easier to cast, but a little less powerful.


   Skills:
 - Level 3.8 Fighting
 - Level 7.0 Axes
 - Level 1.0 Throwing
 + Level 1.1 Armour
 - Level 3.0 Dodging
 - Level 2.0 Spellcasting
 - Level 2.4 Translocations


You had 10 spell levels left.
You didn't know any spells.
Your spell library contained the following spells:

 Spells                   Type           Power      Damage    Failure   Level
 Blink                    Tloc           12%        N/A       99%         2
 Gell's Gravitas          Tloc           6%         N/A       100%        3
 Lesser Beckoning         Tloc           6%         N/A       100%        3
 Teleport Other           Tloc           6%         N/A       100%        3
 Manifold Assault         Tloc           6%         N/A       100%        5

Inventory:

Hand Weapons
 n - a +3 flail of holy wrath
 Y - a +0 war axe (weapon)
Missiles
 k - a javelin (quivered)
Armour
 c - a +0 chain mail (worn)
Jewellery
 g - a ring of fire
Potions
 a - a potion of degeneration {unknown}
 d - a potion of curing
 e - a potion of brilliance {unknown}
 j - a potion of berserk rage {unknown}
 m - a potion of mutation

Dungeon Overview and Level Annotations

Branches:
Dungeon (4/15)             Temple (1/1) D:4

Altars:
Ashenzari
Cheibriados
Dithmenos
Elyvilon
Fedhas
Gozag
Hepliaklqana
Makhleb
Okawaru
Ru
Sif Muna
Trog
Uskayaw
Vehumet
Wu Jian
Xom
Yredelemnul
Zin
The Shining One

Portals:
Abyss: D:3

Annotations:
D:3 2 transporters, qw's ghost, amateur TeWr
D:4 Blork the orc


Message History

The adder is unaffected.
The orc priest is unaffected.
The jelly is unaffected.
Blork the orc is unaffected.
The grasping roots grab you! The grasping roots constrict you.
The orc priest calls down the wrath of Beogh upon you.
Beogh smites you! The adder bites you but does no damage.
The grasping roots constrict you.
The orc priest begins to cast a cantrip, but forgets the words!
The adder bites you but does no damage.
You miss the adder. Your kick misses the adder. The adder barely misses you.
Blork the orc mumbles some strange words.
Blork the orc seems to speed up.
The grasping roots constrict you.
You barely miss the adder. You claw the adder!
The adder is heavily wounded.
The adder bites you but does no damage. The grasping roots constrict you.
The adder bites you but does no damage. The grasping roots constrict you.
You miss the adder. You claw the adder. You peck the adder, but do no damage.
The adder is severely wounded.
The grasping roots constrict you. The adder bites you but does no damage.
The jelly jiggles.
You hit the adder. Your kick misses the adder.
The adder is severely wounded.
The grasping roots constrict you. The adder barely misses you.
The grasping roots constrict you. The adder bites you but does no damage.
The grasping roots release their grip on you.
3553 ||| READING scroll of teleportation.
As you read the scroll of teleportation, it crumbles to dust.
You feel strangely unstable.
Blork the orc zaps a wand.
The roots erupt in riotous growth!
The adder is unaffected.
The orc priest is unaffected.
The jelly is unaffected.
Blork the orc is unaffected.
The grasping roots grab you! The grasping roots constrict you.
The adder bites you but does no damage. The grasping roots constrict you.
You closely miss the adder. You claw the adder.
You kill the adder!
Okawaru accepts your kill. The grasping roots constrict you.
You die...

#.#.##.# #.#.##.#
##......# #.......#
#.##.##.## # ####
#.##.#...# #.. ...
#.##.....#.
.....#o########.####.....
#..oJ@.........###[##.
#..S#####.#.....)).# #...
#......#)### ....>
#.#.#..#.# .....o.
#.#....#.# .......
#.#.##.#[# .###...
#.#.##.#.##### #...
#.#......#....
..#.##........


You could see Blork the orc (fast), a jelly, an orc priest and a ball python.

Vanquished Creatures
  Sigmund (D:3)
  Duvessa (D:4)
  Dowan (D:4)
  3 orc priests
  3 adders
  2 dart slugs
  12 orcs
  5 endoplasms
  2 giant cockroaches
  4 goblins
  6 hobgoblins
  3 jackals (D:1)
  3 quokkas
  6 ball pythons
  4 bats
  2 frilled lizards
  2 kobolds
  5 rats (D:1)
65 creatures vanquished.

Notes
Turn   | Place    | Note
-------+----------+-------------------------------------------
     0 | D:1      | qw the Tengu Warper began the quest for the Orb.
     0 | D:1      | Reached XP level 1. HP: 12/12 MP: 4/4
     0 | D:1      | 0 ||| qw: Version: 0.1-a-89-g26bdef1
     0 | D:1      | 0 ||| qw: Game counter: 66
     0 | D:1      | 0 ||| qw: Always use a shield: true
     0 | D:1      | 0 ||| qw: God list: Okawaru
     0 | D:1      | 0 ||| qw: Allow faded altars: false
     0 | D:1      | 0 ||| qw: Do Orc after D:15 true
     0 | D:1      | 0 ||| qw: Do second Lair branch before Depths: true
     0 | D:1      | 0 ||| qw: Lair rune preference: random
     0 | D:1      | 0 ||| qw: Plans: Normal
     0 | D:1      | 0 ||| PLANNING D:1-11
    91 | D:1      | Reached XP level 2. HP: 17/17 MP: 6/6
   114 | D:1      | Reached skill level 3 in Axes
   523 | D:1      | Reached XP level 3. HP: 21/21 MP: 7/7
   801 | D:1      | 801 ||| READING scroll labelled ITSIG BUJAEPT.
   802 | D:1      | 802 ||| READING scroll labelled BOCZOO ONNUC.
   903 | D:1      | 903 ||| DRINKING 3 cyan potions.
   904 | D:1      | 904 ||| DROPPING scroll of blinking.
   997 | D:2      | Reached skill level 4 in Axes
  1281 | D:2      | 1281 ||| DROPPING +0 club.
  1853 | D:2      | 1853 ||| UPGRADING to +0 scale mail.
  1863 | D:2      | 1863 ||| DROPPING +0 leather armour.
  1864 | D:2      | 1864 ||| DROPPING amulet of faith.
  1865 | D:2      | 1865 ||| UPGRADING to amulet of guardian spirit.
  1870 | D:2      | 1870 ||| READING scroll labelled GAUDYK GE CAS.
  1895 | D:3      | Noticed Sigmund
  1903 | D:3      | 1903 ||| DRINKING 2 potions of curing.
  1903 | D:3      | 1903 ||| (to cure confusion)
  1911 | D:3      | Killed Sigmund
  1912 | D:3      | Reached skill level 6 in Axes
  1912 | D:3      | Reached XP level 4. HP: 20/26 MP: 5/8
  1912 | D:3      | Gained mutation: Your magical nature lets you fly swiftly
                  | and evasively. [Tengu growth]
  1912 | D:3      | Reached XP level 5. HP: 23/30 MP: 5/9
  2022 | D:3      | 2022 ||| Stepping ~*~*~tactically~*~*~ (stealth).
  2023 | D:3      | 2023 ||| Stepping ~*~*~tactically~*~*~ (stealth).
  2062 | D:3      | 2062 ||| Stepping ~*~*~tactically~*~*~ (hiding).
  2081 | D:3      | Reached XP level 6. HP: 14/35 MP: 4/10
  2271 | D:3      | 2271 ||| DROPPING +0 whip.
  2290 | D:3      | 2290 ||| SWAPPING to +0 war axe.
  2291 | D:3      | 2291 ||| DROPPING +0 hand axe.
  2311 | D:3      | Noticed qw's ghost (amateur TeWr)
  2375 | D:3      | Found a transporter.
  2391 | D:3      | Found a transporter.
  2405 | D:3      | Noticed an ancient zyme
  2405 | D:3      | Noticed a small abomination
  2429 | D:3      | Found a one-way gate to the infinite horrors of the Abyss.
  2453 | D:3      | Reached skill level 7 in Axes
  2544 | D:3      | 2544 ||| DROPPING +0 flail.
  3178 | D:3      | 3178 ||| READING scroll labelled COARRA RUTT.
  3183 | D:3      | 3183 ||| READING scroll labelled XOITTY AHOXUTOSCHO.
  3184 | D:3      | 3184 ||| READING scroll labelled URHOSO XOGG.
  3185 | D:3      | 3185 ||| READING scroll labelled USUUMI ZOISATI.
  3185 | D:3      | Identified a scroll of acquirement
  3185 | D:3      | 3185 ||| ACQUIRING +1 robe of Vines {NoPotionHeal
                  | Regen++++}
  3185 | D:3      | Acquired the +1 robe of Vines {NoPotionHeal Regen++++}
  3185 | D:3      | Found the +1 robe of Vines {NoPotionHeal Regen++++}
  3187 | D:3      | 3187 ||| UPGRADING to +1 robe of Vines {NoPotionHeal
                  | Regen++++}.
  3197 | D:3      | 3197 ||| DROPPING +0 scale mail.
  3198 | D:3      | 3198 ||| READING scroll labelled CIOLINNE ELIDI.
  3199 | D:3      | 3199 ||| READING scroll labelled ONOETT RATA.
  3232 | D:3      | 3232 ||| DRINKING 2 viscous pink potions.
  3232 | D:3      | Gained mutation: Your spells are a little easier to cast,
                  | but a little less powerful. [potion of mutation]
  3232 | D:3      | Gained mutation: You are covered in fur. (AC +1) [potion of
                  | mutation]
  3341 | D:4      | 3341 ||| Stepping ~*~*~tactically~*~*~ (hiding).
  3350 | D:4      | 3350 ||| Stepping ~*~*~tactically~*~*~ (hiding).
  3354 | D:4      | Noticed Duvessa
  3362 | D:4      | Noticed Dowan
  3363 | D:4      | Killed Duvessa
  3364 | D:4      | Reached skill level 3 in Fighting
  3364 | D:4      | Reached XP level 7. HP: 42/42 MP: 6/11
  3373 | D:4      | Killed Dowan
  3421 | D:4      | 3421 ||| Stepping ~*~*~tactically~*~*~ (stealth).
  3422 | D:4      | 3422 ||| Stepping ~*~*~tactically~*~*~ (stealth).
  3433 | D:4      | Reached skill level 3 in Dodging
  3444 | D:4      | Found a staircase to the Ecumenical Temple.
  3445 | D:4      | 3445 ||| PLANNING TEMPLE
  3445 | D:4      | 3445 ||| UPGRADING to +0 chain mail.
  3455 | D:4      | 3455 ||| DROPPING +1 robe of Vines {NoPotionHeal
                  | Regen++++}.
  3466 | Temple   | Entered the Ecumenical Temple
  3487 | Temple   | Became a worshipper of Warmaster Okawaru
  3488 | Temple   | 3488 ||| REMOVING amulet of guardian spirit.
  3507 | Temple   | 3507 ||| PLANNING D:1-11
  3507 | Temple   | 3507 ||| DROPPING amulet of guardian spirit.
  3537 | D:4      | 3537 ||| Stepping ~*~*~tactically~*~*~ (hiding).
  3538 | D:4      | 3538 ||| Stepping ~*~*~tactically~*~*~ (hiding).
  3540 | D:4      | 3540 ||| Stepping ~*~*~tactically~*~*~ (hiding).
  3541 | D:4      | Noticed Blork the orc
  3552 | D:4      | HP: 10/42 [constriction (4)]
  3553 | D:4      | 3553 ||| READING scroll of teleportation.
  3553 | D:4      | HP: 4/42 [constriction (3)]
  3554 | D:4      | Constricted to death by Blork the orc

Levels and vault maps discovered:
D:1:      psy_arrival_spokes, layout_loops_ring
D:2:      cheibrodos_helix_gallery, layout_loops_corners,
          minmay_misc_feat_roman, minivault_26
D:3:      layout_loops_corners, gammafunk_ghost_abyssal_escape,
          minmay_shallow_snake_nest, uniq_sigmund
D:4:      layout_loops_cross, minmay_temple_entry_statues_fountains,
          nicolae_alphabet_shops, uniq_blork_the_orc, uniq_duvessa, uniq_pikel
Temple:   hellmonk_temple_of_storms

Skill      XL: |  1  2  3  4  5  6  7 |
---------------+----------------------+-----
Axes           | 3 6 7 |  7.0
Fighting       | 3 |  3.8
Dodging        | 3 |  3.0
Throwing       | |  1.0
Armour         | |  1.1
Spellcasting   | |  2.0
Translocations | |  2.4

Action                   |  1- 3 |  4- 6 |  7- 9 || total
-------------------------+-------+-------+-------++-------
Melee: Hand axe          |    67 |    24 |       ||    91
       Kick              |    17 |    13 |     8 ||    38
       Peck              |     9 |     8 |     3 ||    20
       Punch             |     1 |     1 |       ||     2
       War axe           |       |    41 |    22 ||    63
Throw: Boomerang         |     7 |       |       ||     7
       Javelin           |    13 |    19 |     1 ||    33
  Use: Scroll            |     3 |     6 |     1 ||    10
       Potion            |     2 |     1 |       ||     3
Armor: Leather armour    |    14 |       |       ||    14
       Scale mail        |     3 |    11 |       ||    14
       Chain mail        |       |       |    13 ||    13
       Robe              |       |       |     1 ||     1
Dodge: Dodged            |    44 |    44 |    11 ||    99

Table legend:
 A = Non-vault XP
 B = Vault XP
 C = Vault XP percentage of total XP
 D = Non-vault monster count
 E = Vault monster count
 F = Vault count percentage of total count
                 A         B        C        D         E       F
            +---------+---------+-------+---------+---------+-------
      Total |     255 |     462 |  64.4 |      56 |       9 |  13.8
            +---------+---------+-------+---------+---------+-------
        D:1 |      35 |       0 |   0.0 |      22 |       0 |   0.0
        D:2 |      26 |       4 |  13.3 |       7 |       2 |  22.2
        D:3 |     117 |     244 |  67.6 |      16 |       5 |  23.8
        D:4 |      77 |     214 |  73.5 |      11 |       2 |  15.4
            +---------+---------+-------+---------+---------+-------
